 Dungeon Crawl Stone Soup version 0.30-a0-738-g116ff8c4af (webtiles) character file.

Game seed: 793635486050108363

64 cheesebisquit the Digger (level 4, -3/24 HPs)
             Began as a Gargoyle Earth Elementalist on Feb 3, 2023.
             Slain by a goblin
             ... wielding a +0 dagger
             ... led by Robin
              (5 damage)
             ... on level 3 of the Dungeon.
             The game lasted 00:06:35 (1977 turns).

cheesebisquit the Digger (GrEE)                     Turns: 1977, Time: 00:06:36

Health: -3/24      AC:  6    Str: 12    XL:     4   Next: 12%
Magic:  1/7        EV: 11    Int: 17    God:
Gold:   120        SH:  0    Dex: 10    Spells: 6/7 levels left

rFire   . . .      SeeInvis .    c - +0 mace
rCold   . . .      Faith    .    (no shield)
rNeg    + . .      Spirit   .    a - +0 robe
rPois   ∞          Reflect  .    (no helmet)
rElec   +          Harm     .    (no cloak)
rCorr   .          Rampage  .    i - +0 pair of gloves
Will    .....                    (no boots)
Stlth   ++                       (no amulet)
HPRegen 0.24/turn                (no ring)
MPRegen 0.10/turn                (no ring)

@: no status effects
A: sickness immunity, AC +3, negative energy resistance 1, electricity
resistance, torment resistance 1, petrification resistance
a: no special abilities


You were on level 3 of the Dungeon.
You visited 1 branch of the dungeon, and saw 3 of its levels.

You collected 120 gold pieces.

Inventory:

Hand Weapons
 c - a +0 mace (weapon)
Missiles
 d - 6 poisoned darts
Armour
 a - a +0 robe (worn)
 i - a +0 pair of gloves (worn)
Scrolls
 e - 2 scrolls of enchant armour {unknown}
 f - 2 scrolls of poison {unknown}
 g - a scroll of identify {unknown}
 h - a scroll of silence {unknown}
 j - a scroll of teleportation {unknown}
 l - a scroll of blinking {unknown}
Potions
 b - a potion of magic
 k - a potion of curing {unknown}
 m - a potion of attraction {unknown}


   Skills:
 - Level 1.5 Dodging
 - Level 2.1 Stealth
 - Level 2.0 Spellcasting
 - Level 0.7 Transmutations
 + Level 5.9 Earth Magic


You had 6 spell levels left.
You knew the following spells:

 Your Spells              Type           Power      Damage    Failure   Level
a - Sandblast             Erth           42%        2d11      1%          1

Your spell library contained the following spells:

 Spells                   Type           Power      Damage    Failure   Level
 Passwall                 Tmut/Erth      10%        N/A       8%          2
 Beastly Appendage        Tmut           8%         N/A       14%         1
 Stone Arrow              Conj/Erth      22%        3d8       17%         3
 Wereblood                Tmut           4%         N/A       22%         2
 Spider Form              Tmut/Pois      2%         N/A       45%         3
 Petrify                  Tmut/Erth      13%        N/A       45%         4


Dungeon Overview and Level Annotations

Branches:
Dungeon (3/15)

Altars:


Innate Abilities, Weirdness & Mutations

You are immune to sickness and miasma.
Your stone body is resilient. (AC +3)
You are immune to poison.
You resist negative energy. (rN+)
You are resistant to electric shocks. (rElec)
You are resistant to unholy torment.
You are immune to petrification.


Message History

There is an open door here.
There is an open door here.
There is an open door here.
Robin, 4 goblins and 2 hobgoblins come into view.
Found a potion of heal wounds.
The goblin shouts! x2; The hobgoblin shouts!
The goblin shouts!
Robin shouts!
The goblin shouts!
The hobgoblin shouts!
The goblin hits you with a +0 club.
The blast of sand hits the goblin.
You kill the goblin!
Robin roars a battlecry!
The goblins go into a battle-frenzy!
The goblin hits you but does no damage. Robin throws the goblin at you!
The blast of sand hits the goblin!
You kill the goblin!
The goblin closely misses you.
Robin drinks a potion.
Robin seems to speed up.
The blast of sand hits the hobgoblin.
The hobgoblin is heavily wounded.
The goblin barely misses you. The hobgoblin closely misses you.
The goblin hits you with a +0 club. The hobgoblin closely misses you.
The blast of sand misses the hobgoblin.
The blast of sand hits Robin!
Robin is severely wounded.
Robin throws the goblin at you! The goblin hits you but does no damage.
The hobgoblin completely misses you. The goblin hits you but does no damage.
The blast of sand hits the hobgoblin.
You kill the hobgoblin!
The goblin hits you with a +0 club. The goblin hits you with a +0 dagger.
Robin barely misses you. The goblin hits you with a +0 dagger.
The goblin hits you but does no damage.
The blast of sand hits Robin!!
You kill Robin!
The goblin hits you but does no damage. The goblin hits you with a +0 club.
* * * LOW HITPOINT WARNING * * *
You have reached level 4!
You feel stronger.
You are too injured to fight recklessly!
You completely miss the hobgoblin. The hobgoblin hits you.
* * * LOW HITPOINT WARNING * * *
The goblin hits you with a +0 dagger.
You die...

#...# ##.....##.#
###.# #...#####.#
#.#######.#...# #.#
#(........###.###.#
######>.......#...#
##########...#
#...# ########g..#
#.....g@g..#
#.########...#
###..!# ####


You could see a hobgoblin (strong) and 2 goblins.

Vanquished Creatures
  Robin (D:3)
  An adder (D:2)
  A worm (D:3)
  4 orcs
  2 giant cockroaches
  2 goblins (D:3)
  3 hobgoblins
  5 ball pythons
  4 bats
  5 frilled lizards
  8 kobolds
  3 rats
39 creatures vanquished.

Notes
Turn   | Place    | Note
-------+----------+-------------------------------------------
     0 | D:1      | cheesebisquit the Gargoyle Earth Elementalist began the
                  | quest for the Orb.
     0 | D:1      | Reached XP level 1. HP: 10/10 MP: 3/3
   105 | D:1      | Reached skill level 4 in Earth Magic
   426 | D:1      | Reached XP level 2. HP: 15/15 MP: 3/5
  1102 | D:2      | Reached skill level 5 in Earth Magic
  1102 | D:2      | Reached XP level 3. HP: 19/19 MP: 4/6
  1688 | D:3      | Found a faded altar of an unknown god.
  1969 | D:3      | Noticed Robin
  1976 | D:3      | Killed Robin
  1977 | D:3      | Reached XP level 4. HP: 7/24 MP: 0/7
  1977 | D:3      | Slain by a goblin

Illustrated notes

Levels and vault maps discovered:
D:1:      minmay_arrival_stone_box, layout_loops_ring
D:2:      layout_loops_ring
D:3:      minmay_evil_eye, layout_basic, mainiacjoe_overflow_surrounded_room,
          hellmonk_ecumenical_altar_zigzags, uniq_robin

Skill      XL: |  1  2 |
---------------+-------+-----
Earth Magic    | 4 5 |  5.9
Dodging        | |  1.5
Stealth        | |  2.1
Spellcasting   | |  2.0
Transmutations | |  0.7

Action                     |  1- 3 |  4- 6 || total
---------------------------+-------+-------++-------
  Melee: Mace              |     5 |     1 ||     6
   Cast: Sandblast         |    50 |       ||    50
 Armour: Robe              |    10 |       ||    10
  Dodge: Dodged            |    14 |       ||    14

Table legend: (Time is in decaauts)
 A = Elapsed time spent in this place.
 B = Non-inter-level travel time spent in this place.
 C = Inter-level travel time spent in this place.
 D = Time resting spent in this place.
 E = Time spent auto-exploring this place.
 F = Levels seen in this place.
 G = Mean time per level.
                   A        B        C        D        E       F      G
               +--------+--------+--------+--------+--------+-----+--------+
         Total |   2004 |   1963 |     41 |      0 |   1720 |   3 |  668.0 |
       Dungeon |   2004 |   1963 |     41 |      0 |   1720 |   3 |  668.0 |
               +--------+--------+--------+--------+--------+-----+--------+

Top non-repeatable levels by time:
     D:1: 831 daAuts
     D:2: 646 daAuts
     D:3: 526 daAuts
